 Dungeon Crawl Stone Soup version 0.24-a0-581-gc0fa6600bf (webtiles) character file.

Game seed: 4290694267655050

18974 LabCoat the Severer (level 12, -4/106 HPs)
             Began as a Hill Orc Fighter on Aug 22, 2019.
             Was a Priest of Trog.
             Slain by a death yak (11 damage)
             ... on level 4 of the Lair of Beasts on Aug 23, 2019.
             The game lasted 01:00:29 (14479 turns).

LabCoat the Severer (Hill Orc Fighter)             Turns: 14479, Time: 01:00:29

Health: -4/106     AC: 17    Str: 24    XL:     12   Next: 64%
Magic:  12/12      EV:  6    Int:  8    God:    Trog [***...]
Gold:   1072       SH: 11    Dex: 10    Spells: 11/11 levels left

rFire    . . .     SeeInvis .   a - +0 war axe
rCold    . . .     Gourm    .   c - +0 shield
rNeg     + . .     Faith    .   B - +0 plate armour
rPois    .         Spirit   .   k - +0 helmet
rElec    .         Reflect  .   j - scarf {repulsion}
rCorr    .         Harm     .   z - +0 pair of gloves
MR       .....                  (no boots)
Stlth    ..........             (no amulet)
HPRegen  0.27/turn              q - ring of positive energy
MPRegen  0.13/turn              (no ring)

@: berserk cooldown, very slightly contaminated, slowed, invisible, repel
missiles, very slow
A: no striking features
a: Berserk, Trog's Hand, Renounce Religion


You were on level 4 of the Lair of Beasts.
You worshipped Trog.
Trog was most pleased with you.
You were hungry.

You visited 3 branches of the dungeon, and saw 15 of its levels.

You collected 1072 gold pieces.

Inventory:

Hand Weapons
 a - a +0 war axe (weapon)
 l - a +0 morningstar
 y - the +4 broad axe of Legenong {holy, rElec rPois rC+}
   (You found it on level 2 of the Lair of Beasts)

   It has been blessed by the Shining One to cause great damage to the undead
   and demons.
   It protects you from cold.
   It insulates you from electricity.
   It protects you from poison.
Missiles
 d - 3 boomerangs (quivered)
 O - 7 javelins
 T - 5 datura-tipped darts
Armour
 c - a +0 shield (worn)
 j - a scarf of repulsion (worn)
 k - a +0 helmet (worn)
 z - a +0 pair of gloves (worn)
 B - a +0 plate armour (worn)
 L - the +5 chain mail of Taigieps {MP+9 Str+3 Dex-3 SInv}
   (You found it on level 8 of the Dungeon)

   It affects your strength (+3).
   It affects your dexterity (-3).
   It affects your magic capacity (+9).
   It lets you see invisible.
Jewellery
 b - an uncursed ring of wizardry
 q - a ring of positive energy (left hand)
 v - an uncursed ring of fire
 A - an uncursed amulet of harm
 Q - an uncursed ring of protection from cold
Wands
 m - a wand of disintegration (9)
 s - a wand of flame (10)
 t - a wand of acid (6)
 I - a wand of iceblast (24)
 J - a wand of paralysis (18)
 M - a wand of digging (7)
 P - a wand of clouds (5)
Scrolls
 g - 5 scrolls of teleportation
 o - 3 scrolls of fog
 p - 5 scrolls of remove curse
 w - 2 scrolls of enchant armour
 x - 2 scrolls of fear
 C - 3 scrolls of blinking {unknown}
 D - 2 scrolls of magic mapping {unknown}
 E - a scroll of holy word {unknown}
 G - 2 scrolls of immolation {unknown}
 K - 2 scrolls of amnesia {unknown}
 R - a scroll of enchant weapon {unknown}
Potions
 e - a potion of flight
 i - 6 potions of brilliance
 n - a potion of agility
 r - 2 potions of haste
 u - a potion of invisibility
 F - a potion of might
 H - 2 potions of resistance
 N - 2 potions of magic
 S - a potion of cancellation {unknown}
Comestibles
 f - 16 rations
 U - 2 chunks of flesh


   Skills:
 + Level 9.9 Fighting
 * Level 17.4 Axes
 + Level 5.2 Throwing
 + Level 9.6 Armour
 + Level 9.0 Shields
 + Level 1.0 Evocations


You had 11 spell levels left.
You didn't know any spells.
Your spell library contained the following spells:

 Spells                   Type           Power        Failure   Level  Hunger
 Animate Skeleton         Necr           N/A          100%        1    ##.....
 Apportation              Tloc           #.....       100%        1    ##.....
 Confusing Touch          Hex            #.....       100%        1    ##.....
 Magic Dart               Conj           #...         100%        1    ##.....
 Sting                    Conj/Pois      #...         100%        1    ##.....
 Summon Small Mammal      Summ           #...         100%        1    ##.....
 Blink                    Tloc           N/A          100%        2    ###....
 Call Imp                 Summ           #.......     100%        2    ###....
 Poisonous Vapours        Pois/Air       #.....       100%        2    ###....
 Slow                     Hex            #.......     100%        2    ###....
 Conjure Flame            Conj/Fire      #.......     100%        3    ####...
 Mephitic Cloud           Conj/Pois/Air  #.......     100%        3    ####...
 Recall                   Summ/Tloc      N/A          100%        3    ####...
 Olgreb's Toxic Radiance  Pois           #.......     100%        4    #####..
 Aura of Abjuration       Summ           #.........   100%        5    ######.
 Summon Demon             Summ           #.........   100%        5    ######.
 Summon Forest            Summ/Tloc      #.........   100%        5    ######.
 Summon Mana Viper        Hex/Summ       #.......     100%        5    ######.
 Venom Bolt               Conj/Pois      #.........   100%        5    ######.
 Shadow Creatures         Summ           N/A          100%        6    #######


Dungeon Overview and Level Annotations

Branches:
Dungeon (10/15)            Temple (1/1) D:6            Lair (4/6) D:10
  Swamp (0/4) Lair:4          Orc (0/2) D:10
  Snake: Lair:2-4    Spider: Lair:2-4

Altars:
Ashenzari
Cheibriados
Dithmenos
Elyvilon
Fedhas
Gozag
Hepliaklqana
Kikubaaqudgha
Makhleb
Nemelex Xobeh
Okawaru
Qazlal
Ru
Sif Muna
Trog
Uskayaw
Vehumet
Wu Jian
Xom
Yredelemnul
Zin
The Shining One

Shops:
D:9 :

Annotations:
D:8 1 runed translucent door, wazuzu's ghost, novice OgBe


Message History

You feel better.
The death yak gores you but does no damage.
The death yak gores you.
* * * LOW HITPOINT WARNING * * *
You barely miss the death yak.
The death yak is almost dead.
The death yak gores you!
* * * LOW HITPOINT WARNING * * *
You hit the death yak but do no damage.
The death yak is almost dead.
The death yak barely misses you.
Okay, then.
You fade into invisibility!
The death yak gores you!
* * * LOW HITPOINT WARNING * * *
You are very lightly contaminated with residual magic.
The death yak gores you but does no damage.
You see here 23 stones.
The death yak gores you!
You die...

# # #. ## .. .# #P.
##P####.+. ##.. .... ##
#..<...... #...
.....+.#######^........P
...
......†#.##.#.^.........
..
......†..Y@.............
#..
.....#####.#.+..........
.# ./. #.#..#......... .
+ ######...#..##
##..>..### ...
##..#....P##. #...
#...........# #...'.
#####..........#.
#......
#.P.#............


You could see a death yak.

Vanquished Creatures
  A two-headed ogre (D:10)
  5 death yaks (Lair:4)
  Pikel (D:7)
  A black mamba (Lair:1)
  5 spiny frogs
  2 rime drakes
  A komodo dragon (Lair:2)
  A troll (D:10)
  A polar bear (Lair:3)
  5 blink frogs (Lair:4)
  Prince Ribbit (D:5)
  2 bog bodies (Lair:4)
  6 hippogriffs
  2 wyverns
  19 yaks
  3 basilisks
  A hungry ghost (D:9)
  Menkaure (D:4)
  4 swamp worms (Lair:1)
  A water moccasin (Lair:4)
  Duvessa (D:5)
  5 porcupines
  2 ice beasts
  A slave (D:7)
  2 orc warriors
  A sky beast (D:7)
  2 phantoms (D:4)
  6 ogres
  6 wolves (Lair:1)
  3 centaurs
  6 crocodiles
  A big kobold (D:8)
  7 bullfrogs
  Dowan (D:5)
  2 scorpions
  3 killer bees (D:7)
  10 wights
  3 howler monkeys
  An electric eel (Lair:2)
  2 crimson imps
  A bullfrog zombie (D:9)
  A jelly (D:9)
  A hound (D:4)
  2 orc priests
  3 orc wizards
  Terence (D:2)
  An iguana (D:10)
  Natasha (thrice) (D:2)
  5 worker ants
  A killer bee zombie (D:9)
  A hound zombie (D:8)
  Robin (D:2)
  A worker ant zombie (D:8)
  10 gnolls
  A howler monkey skeleton (D:8)
  10 adders
  A shadow imp (D:5)
  3 oozes
  An adder skeleton (D:4)
  3 worms
  A dart slug (D:3)
  6 leopard geckos
  16 orcs
  3 giant cockroaches
  17 goblins
  7 hobgoblins
  28 jackals
  2 quokkas
  2 ball pythons
  6 bats
  5 frilled lizards
  A giant cockroach zombie (D:6)
  A goblin skeleton (D:5)
  A hobgoblin zombie (D:5)
  A jackal zombie (D:8)
  8 kobolds
  2 kobold skeletons (D:5)
  2 kobold zombies (D:5)
  2 orc skeletons (D:5)
  3 orc zombies (D:5)
  A quokka skeleton (D:4)
  6 rats
  A fungus (Lair:1)
301 creatures vanquished.

Vanquished Creatures (others)
  An orc (D:9)
  2 plants (Lair:1)
3 creatures vanquished.

Grand Total: 304 creatures vanquished

Notes
Turn   | Place    | Note
-------+----------+-------------------------------------------
     0 | D:1      | LabCoat the Hill Orc Fighter began the quest for the Orb.
     0 | D:1      | Reached XP level 1. HP: 19/19 MP: 1/1
   194 | D:1      | Reached skill level 3 in Axes
   194 | D:1      | Reached XP level 2. HP: 26/27 MP: 2/2
   669 | D:1      | Reached XP level 3. HP: 33/33 MP: 3/3
   853 | D:2      | Found an iron altar of Okawaru.
   876 | D:2      | Reached skill level 4 in Axes
   876 | D:2      | Reached XP level 4. HP: 21/40 MP: 4/4
  1229 | D:2      | Noticed Natasha
  1234 | D:2      | Killed Natasha
  1286 | D:2      | Reached skill level 5 in Axes
  1326 | D:2      | Found a sparkling altar of Nemelex Xobeh.
  1359 | D:2      | Noticed Robin
  1363 | D:2      | Noticed Natasha
  1366 | D:2      | Reached XP level 5. HP: 46/46 MP: 5/5
  1374 | D:2      | Killed Robin
  1393 | D:2      | Killed Natasha
  1723 | D:2      | Noticed Natasha
  1732 | D:2      | Killed Natasha
  1791 | D:2      | Noticed Terence
  1808 | D:2      | Killed Terence
  1808 | D:2      | Reached skill level 6 in Axes
  2007 | D:2      | Reached XP level 6. HP: 40/53 MP: 6/6
  2222 | D:3      | Found an opulent altar of Gozag.
  2433 | D:3      | Found a faded altar of an unknown god.
  2639 | D:4      | Noticed a phantom
  2726 | D:4      | Killed a phantom
  2726 | D:4      | Reached skill level 7 in Axes
  2991 | D:4      | Noticed a phantom
  3015 | D:4      | Killed a phantom
  3015 | D:4      | Reached XP level 7. HP: 57/60 MP: 7/7
  3129 | D:4      | Noticed Menkaure
  3133 | D:4      | Reached skill level 8 in Axes
  3150 | D:4      | HP: 2/60 [Menkaure/nerve-wracking pain (6)]
  3355 | D:5      | Entered Level 5 of the Dungeon
  3691 | D:5      | Reached skill level 5 in Fighting
  3696 | D:5      | Upgraded the game from 0.24-a0-580-g6a6c3f83c1 to
                  | 0.24-a0-581-gc0fa6600bf
  4022 | D:5      | Found a glowing golden altar of the Shining One.
  4028 | D:5      | Reached skill level 9 in Axes
  4075 | D:5      | Noticed Dowan
  4075 | D:5      | Noticed Prince Ribbit
  4077 | D:5      | Noticed Duvessa
  4102 | D:5      | Killed Duvessa
  4102 | D:5      | Reached skill level 5 in Armour
  4102 | D:5      | Reached XP level 8. HP: 48/68 MP: 8/8
  4114 | D:5      | Killed Dowan
  4133 | D:5      | Killed Prince Ribbit
  4133 | D:5      | Reached skill level 10 in Axes
  4133 | D:5      | Reached skill level 1 in Throwing
  4407 | D:6      | Reached skill level 5 in Shields
  4904 | D:6      | Found a staircase to the Ecumenical Temple.
  4987 | Temple   | Entered the Ecumenical Temple
  4998 | Temple   | Became a worshipper of Trog the Wrathful
  5243 | D:6      | Found a radiant altar of Vehumet.
  5428 | D:7      | Found a shattered altar of Ashenzari.
  5497 | D:7      | Found a glowing silver altar of Zin.
  5498 | D:7      | Found a burning altar of Makhleb.
  5499 | D:7      | Found a shimmering blue altar of Sif Muna.
  5499 | D:7      | Found an ornate altar of the Wu Jian Council.
  5502 | D:7      | Found an ancient bone altar of Kikubaaqudgha.
  5506 | D:7      | Reached skill level 11 in Axes
  5506 | D:7      | Reached XP level 9. HP: 75/75 MP: 9/9
  5904 | D:7      | Noticed Pikel
  5923 | D:7      | Killed Pikel
  5923 | D:7      | Reached skill level 12 in Axes
  6390 | D:7      | Reached * piety under Trog
  6951 | D:4      | Killed Menkaure
  7025 | D:4      | Found a shadowy altar of Dithmenos.
  7307 | D:8      | Reached skill level 13 in Axes
  7685 | D:8      | Got a scorched chain mail
  7696 | D:8      | Identified the +5 chain mail of Taigieps {MP+9 Str+3 Dex-3
                  | SInv} (You found it on level 8 of the Dungeon)
  7946 | D:8      | Found a runed translucent door.
  7946 | D:8      | Found a shimmering altar of Xom.
  7946 | D:8      | Noticed wazuzu's ghost (novice OgBe)
  7946 | D:8      | Noticed a +2 long sword of chaos
  8024 | D:8      | Reached XP level 10. HP: 84/84 MP: 10/10
  8242 | D:9      | Reached ** piety under Trog
  8392 | D:9      | Reached skill level 14 in Axes
  8419 | D:9      | Found Okoybremew's Book Emporium.
  9037 | D:10     | Entered Level 10 of the Dungeon
  9042 | D:10     | Found a staircase to the Orcish Mines.
  9077 | D:10     | Found a staircase to the Lair.
  9106 | D:10     | Reached skill level 15 in Axes
  9114 | D:10     | Reached XP level 11. HP: 35/92 MP: 11/11
  9834 | D:10     | Noticed a two-headed ogre
  9840 | D:10     | Killed a two-headed ogre
 10162 | Lair:1   | Entered Level 1 of the Lair of Beasts
 10645 | Lair:1   | Reached *** piety under Trog
 11056 | Lair:1   | Reached skill level 16 in Axes
 11899 | Lair:2   | Got a shimmering broad axe
 11900 | Lair:2   | Identified the +4 broad axe of Legenong {holy, rElec rPois
                  | rC+} (You found it on level 2 of the Lair of Beasts)
 12177 | Lair:2   | You fall into a shaft and drop 2 floors!
 12606 | Lair:2   | Reached XP level 12. HP: 88/103 MP: 12/12
 13765 | Lair:4   | Found a staircase to the Swamp.
 14257 | Lair:4   | Reached skill level 17 in Axes
 14260 | Lair:4   | Reached skill level 5 in Throwing
 14429 | Lair:4   | Noticed a death yak
 14430 | Lair:4   | Noticed a death yak
 14440 | Lair:4   | Noticed a death yak
 14442 | Lair:4   | Killed a death yak
 14442 | Lair:4   | Noticed a death yak
 14446 | Lair:4   | Noticed a death yak
 14446 | Lair:4   | Noticed a death yak
 14449 | Lair:4   | Killed a death yak
 14457 | Lair:4   | Killed a death yak
 14460 | Lair:4   | Killed a death yak
 14471 | Lair:4   | Killed a death yak
 14471 | Lair:4   | Reached skill level 1 in Evocations
 14479 | Lair:4   | Slain by a death yak

Levels and vault maps discovered:
D:1:      dpeg_arrival_long_road, layout_loops_ring
D:2:      layout_rooms, nemelex_altar_shiori, okawaru_trees_1, uniq_terence,
          uniq_natasha, uniq_robin
D:3:      layout_basic, grunt_gozag_breadcrumbs, chequers_ecumenical_altar_lobes
D:4:      layout_loops_ring, kennysheep_little_box, uniq_menkaure
D:5:      layout_cave_pools, nicolae_tso_besieged_by_evil, first_ration,
          uniq_duvessa, uniq_prince_ribbit1
D:6:      layout_basic, temple_doors_e, minmay_misc_feat_rugged,
          vehumet_altar_wand_db
D:7:      layout_loops_corners, evilmike_ruin_ashenzari,
          grunt_temple_overflow_open, uniq_pikel
D:8:      layout_basic, ebering_ghost_xom
D:9:      layout_rooms, serial_shops, shop
D:10:     layout_layer_cave, david_lair_generic, orc_0_dummy
Temple:   nicolae_temple_hex_pool
Lair:1:   layout_long_grid, worms_lemuel
Lair:2:   layout_hall_layers, lemuel_fruit_fields, grunt_megastairs_2,
          infiniplex_staircase_pool
Lair:3:   layout_chaotic_city, st_stairs_13, grunt_megastairs_1
Lair:4:   layout_roguey, skrybe_swamp_entry_bodies, dummy_snake_entry,
          uniq_sonja

Skill      XL: |  1  2  3  4  5  6  7  8  9 10 11 12 |
---------------+-------------------------------------+-----
Axes           | 3 4 5 6 7 9 11 13 15 16 17 | 17.4
Fighting       | 4 5 6 7 8 9 |  9.9
Shields        | 4 5 6 8 9 |  9.0
Armour         | 4 5 6 7 8 9 |  9.6
Throwing       | 2 4 5 |  5.2
Evocations     | 1 |  1.0

Action                   |  1- 3 |  4- 6 |  7- 9 | 10-12 || total
-------------------------+-------+-------+-------+-------++-------
Melee: War axe           |    79 |   260 |   354 |   478 ||  1171
Throw: Boomerang         |       |       |    60 |    82 ||   142
Invok: Berserk           |       |       |     1 |    12 ||    13
Evoke: Wand              |       |       |       |     6 ||     6
  Use: Scroll            |     1 |     2 |    10 |     8 ||    21
       Potion            |       |     1 |     5 |     7 ||    13
  Eat: Chunk             |       |     8 |     8 |    12 ||    28
       Ration            |       |       |     3 |     5 ||     8
Armor: Scale mail        |    49 |   106 |     1 |       ||   156
       Chain mail        |       |       |   144 |   113 ||   257
       Plate armour      |       |       |       |   122 ||   122
Dodge: Dodged            |    26 |    66 |    72 |    84 ||   248
       Deflected         |       |       |       |     1 ||     1
Block: Shield            |    53 |   105 |   161 |   224 ||   543

Table legend:
 A = Non-vault XP
 B = Vault XP
 C = Vault XP percentage of total XP
 D = Non-vault monster count
 E = Vault monster count
 F = Vault count percentage of total count
                 A         B        C        D         E       F
            +---------+---------+-------+---------+---------+-------
      Total |   23637 |    3470 |  12.8 |     257 |      43 |  14.3
            +---------+---------+-------+---------+---------+-------
        D:1 |      40 |       0 |   0.0 |      21 |       0 |   0.0
        D:2 |     182 |     106 |  36.8 |      24 |      14 |  36.8
        D:3 |      42 |       0 |   0.0 |      15 |       0 |   0.0
        D:4 |     557 |     165 |  22.9 |      20 |       1 |   4.8
        D:5 |     319 |     507 |  61.4 |      11 |      15 |  57.7
        D:6 |     593 |       2 |   0.3 |      14 |       1 |   6.7
        D:7 |    1091 |     629 |  36.6 |      26 |       1 |   3.7
        D:8 |     486 |       0 |   0.0 |      19 |       0 |   0.0
        D:9 |    3217 |       0 |   0.0 |      40 |       0 |   0.0
       D:10 |    1926 |     772 |  28.6 |      10 |       4 |  28.6
     Lair:1 |    2879 |     628 |  17.9 |      18 |       4 |  18.2
     Lair:2 |    3001 |     137 |   4.4 |      15 |       1 |   6.2
     Lair:3 |    2422 |       0 |   0.0 |      10 |       0 |   0.0
     Lair:4 |    6882 |     524 |   7.1 |      14 |       2 |  12.5
            +---------+---------+-------+---------+---------+-------
